 Dungeon Crawl Stone Soup version 0.29-a0-111-gbaf749a769 (console) character file.

Game seed: 6975402257222852700

4806 CannotBeFrozen the Thaumaturge (level 10, -2/81 HPs)
             Began as a Demigod Fire Elementalist on Feb 18, 2022.
             Slain by a wyvern (7 damage)
             ... on level 9 of the Dungeon.
             The game lasted 00:33:21 (10116 turns).

CannotBeFrozen the Thaumaturge (DgFE)              Turns: 10116, Time: 00:33:22

Health: -2/81      AC: 10    Str:  9    XL:     10   Next: 4%
Magic:  10/28      EV: 11    Int: 29    God:
Gold:   518        SH:  5    Dex: 12    Spells: 22/29 levels left

rFire   . . .      SeeInvis +   a - +2 dagger (venom)
rCold   + + .      Faith    .   (no shield)
rNeg    . . .      Spirit   .   I - +0 troll leather armour
rPois   .          Reflect  +   G - +2 hat "Ufrytautt" {rC++ Dex-2}
rElec   .          Harm     .   e - +0 cloak
rCorr   .          Rampage  .   m - +2 pair of gloves
Will    ++...                   (no boots)
Stlth   ++........              p - amulet of reflection
HPRegen 1.03/turn               s - ring of willpower
MPRegen 0.21/turn               h - ring of see invisible

@: lethally poisoned (-2 -> -8), very slightly contaminated
A: high MP 1, forlorn, divine attributes
a: no special abilities


You were on level 9 of the Dungeon.
You visited 1 branch of the dungeon, and saw 9 of its levels.

You collected 518 gold pieces.

Inventory:

Hand Weapons
 a - a +2 dagger of venom (weapon)
 b - a +5 vorpal short sword
 A - a +2 great sword of freezing
 B - a +4 morningstar of freezing
Missiles
 d - 4 throwing nets {=f =F}
 f - 9 boomerangs
 q - 20 poisoned darts
 w - 4 atropa-tipped darts {=f =F}
Armour
 e - a +0 cloak (worn)
 g - a +1 helmet
 m - a +2 pair of gloves (worn)
 r - the +2 buckler of Ubiwethru {rElec Will+ MP+9 Str+3}
   (You found it on level 3 of the Dungeon)

   Str:       It affects your strength (+3).
   rElec:     It insulates you from electricity.
   MP:        It affects your magic capacity (+9).
   Will:      It increases your willpower.
 G - the +2 hat "Ufrytautt" (worn) {rC++ Dex-2}
   (You found it on level 7 of the Dungeon)

   Dex:       It affects your dexterity (-2).
   rC:        It greatly protects you from cold.
 I - a +0 troll leather armour (worn)
Jewellery
 h - a ring of see invisible (right hand)
 p - an amulet of reflection (around neck)
 s - a ring of willpower (left hand)
 C - a ring of ice
Wands
 F - a wand of paralysis (11)
 H - a wand of iceblast (9)
Scrolls
 l - 3 scrolls of teleportation {@r2}
 o - 2 scrolls of fear
 x - 3 scrolls of silence
 y - a scroll of vulnerability
Potions
 i - 3 potions of lignification
 j - 2 potions of curing {@q1}
 k - 3 potions of berserk rage
 n - a potion of mutation {unknown}
 t - 3 potions of flight
 u - 2 potions of invisibility
 v - 3 potions of might
 z - a potion of degeneration {unknown}
 D - a potion of brilliance
 E - a potion of cancellation {unknown}


   Skills:
 - Level 5.0 Fighting
 - Level 2.0 Dodging
 - Level 2.0 Stealth
 + Level 10.3 Spellcasting
 - Level 5.0 Conjurations
 - Level 5.0 Fire Magic


You had 22 spell levels left.
You knew the following spells:

 Your Spells              Type           Power      Damage    Failure   Level
a - Foxfire               Conj/Fire      100%       2x1d9     1%          1
b - Scorch                Fire           86%        2d9       1%          2
c - Flame Wave            Conj/Fire      43%        2d9       7%          4

Your spell library contained the following spells:

 Spells                   Type           Power      Damage    Failure   Level
 Conjure Flame            Conj/Fire      43%        6-21      1%          3
 Animate Skeleton         Necr           28%        N/A       5%          1
 Apportation              Tloc           28%        N/A       5%          1
 Beastly Appendage        Tmut           28%        N/A       5%          1
 Pain                     Necr           56%        1d6       5%          1
 Summon Small Mammal      Summ           56%        N/A       5%          1
 Inner Flame              Hex/Fire       29%        N/A       5%          3
 Wereblood                Tmut           14%        N/A       8%          2
 Call Canine Familiar     Summ           14%        N/A       16%         3
 Spider Form              Tmut/Pois      14%        N/A       16%         3
 Summon Guardian Golem    Hex/Summ       14%        N/A       16%         3
 Vampiric Draining        Necr           14%        2d7       16%         3
 Alistair's Intoxication  Tmut/Pois      9%         N/A       82%         5
 Metabolic Englaciation   Hex/Ice        7%         N/A       82%         5
 Yara's Violent Unravell  Hex/Tmut       7%         3d5       82%         5


Dungeon Overview and Level Annotations

Branches:
Dungeon (9/15)             Temple (0/1) D:7
   Lair: D:8-11         Orc: D:9-12

Annotations:
D:8 3 runed translucent doors, caleiya's ghost, novice GrFi


Innate Abilities, Weirdness & Mutations

You have an increased reservoir of magic. (+10% MP)
You shall have no god before yourself.
Your divine heritage dramatically boosts your attributes as you level up.


Message History

Casting: Flame Wave (dangerous; 7% risk of failure)
Press: ? - help, Dir - look around, f - activate A wave of flame ripples out!
The flame wave engulfs the killer bee!
You kill the killer bee!
The flame wave engulfs the killer bee!
The killer bee is almost dead.
The flame wave engulfs the killer bee.
The killer bee is moderately wounded.
The flame wave engulfs the wyvern!
The wyvern is moderately wounded. (Press . to intensify the flame waves.)
* * * LOW MAGIC WARNING * * *;
* * * LOW HITPOINT WARNING * * *
You feel very sick.
The killer bee stings you but does no damage.
The killer bee misses you.
The killer bee stings you but does no damage.
The wyvern bites you but does no damage.
The killer bee stings you but does no damage.
HP: 7/81 (-4) MP: 11/28 (-4) =----------- A wave of flame ripples out!
The flame wave engulfs the centaur!
The centaur is almost dead.
The flame wave engulfs the killer bee!
You kill the killer bee!
The flame wave engulfs the killer bee!
You kill the killer bee!
The flame wave engulfs the wyvern.
The wyvern is heavily wounded.
The flame wave engulfs the troll!
The troll is moderately wounded.
The flame wave engulfs the centaur zombie!
The centaur zombie is moderately damaged.
The flame wave engulfs the kobold brigand!
You kill the kobold brigand!
* * * LOW MAGIC WARNING * * *;
* * * LOW HITPOINT WARNING * * *
You feel very sick.
You block the centaur's attack. x2; The wyvern closely misses you.
The centaur barely misses you.
The centaur kicks you but does no damage.
The wyvern bites you!
You die...

#### #..# #..#
#..# #.<# #..#
. #..#
..####..######
......T@.....#
.....)cZl.(..#
..####..######
. #..# #.[#
#..#
...####..#
.........#
#......†.#


You could see a troll, a wyvern, a centaur and a centaur zombie.

Vanquished Creatures
  Harold (D:7)
  Pikel (D:6)
  Joseph (D:7)
  A troll (D:7)
  A hornet (D:8)
  Sigmund (D:3)
  A wyvern (D:8)
  2 steam dragons
  2 water moccasins
  2 sky beasts
  A necrophage (D:5)
  2 ice beasts
  2 ogres
  A centaur (D:8)
  A kobold brigand (D:9)
  2 lemures (D:6)
  Blork the orc (D:6)
  3 bullfrogs
  3 scorpions
  5 killer bees
  9 wights
  A hound (D:6)
  4 orc priests
  A centaur skeleton (D:7)
  2 bullfrog skeletons
  3 orc wizards
  A scorpion zombie (D:5)
  A killer bee zombie (D:6)
  12 gnolls
  8 adders
  2 ufetubi
  A dart slug (D:2)
  17 orcs
  6 ball pythons
  7 endoplasms
  2 giant cockroaches
  9 goblins
  7 hobgoblins
  5 jackals
  11 kobolds
  5 quokkas
  6 bats
  2 frilled lizards
  3 rats
159 creatures vanquished.

Vanquished Creatures (collateral kills)
  A foxfire (D:7)
1 creature vanquished.

Vanquished Creatures (others)
  442 foxfires
  4 plants
446 creatures vanquished.

Grand Total: 606 creatures vanquished

Notes
Turn   | Place    | Note
-------+----------+-------------------------------------------
     0 | D:1      | CannotBeFrozen the Demigod Fire Elementalist began the
                  | quest for the Orb.
     0 | D:1      | Reached XP level 1. HP: 14/14 MP: 5/5
    80 | D:1      | Reached skill level 2 in Spellcasting
   279 | D:1      | Reached XP level 2. HP: 20/20 MP: 4/8
   283 | D:1      | Learned a level 2 spell: Scorch
  1176 | D:2      | Reached skill level 3 in Spellcasting
  1615 | D:2      | Reached XP level 3. HP: 26/26 MP: 7/10
  2314 | D:3      | HP: 1/26 [orc (9)]
  2732 | D:3      | Reached XP level 4. HP: 33/33 MP: 8/12
  2947 | D:3      | Reached skill level 4 in Spellcasting
  3145 | D:3      | Identified the +2 buckler of Ubiwethru {rElec Will+ MP+9
                  | Str+3}
  3182 | D:3      | Noticed Sigmund
  3349 | D:4      | Reached XP level 5. HP: 38/38 MP: 13/15
  3375 | D:4      | Reached skill level 5 in Spellcasting
  3703 | D:4      | Noticed an ogre
  3838 | D:4      | Learned a level 4 spell: Flame Wave
  4413 | D:4      | Killed an ogre
  4414 | D:4      | Reached XP level 6. HP: 45/45 MP: 13/18
  4479 | D:5      | Entered Level 5 of the Dungeon
  4505 | D:5      | Reached skill level 6 in Spellcasting
  4573 | D:5      | Noticed a water moccasin
  4578 | D:5      | Killed a water moccasin
  4689 | D:5      | Reached skill level 7 in Spellcasting
  4689 | D:5      | Reached XP level 7. HP: 50/50 MP: 14/21
  5568 | D:5      | Identified a scroll of acquirement
  5568 | D:5      | Acquired an amulet of reflection
  5719 | D:6      | Reached skill level 8 in Spellcasting
  5958 | D:6      | Reached XP level 8. HP: 56/57 MP: 16/24
  6420 | D:6      | Reached skill level 9 in Spellcasting
  6422 | D:6      | Noticed Blork the orc
  6427 | D:6      | Killed Blork the orc
  6682 | D:6      | Noticed Pikel
  6807 | D:6      | Killed Pikel
  7222 | D:7      | Found a staircase to the Ecumenical Temple.
  7252 | D:7      | Reached skill level 10 in Spellcasting
  7461 | D:7      | Noticed Harold
  7487 | D:7      | Noticed Joseph
  7494 | D:7      | Killed Harold
  7495 | D:7      | Reached skill level 5 in Fire Magic
  7495 | D:7      | Reached XP level 9. HP: 13/67 MP: 1/27
  7528 | D:7      | Killed Joseph
  7887 | D:7      | Identified the +2 hat "Ufrytautt" {rC++ Dex-2}
  7979 | D:7      | Got the Papyrus of Creative Malediction
  8089 | D:7      | Reached skill level 5 in Conjurations
  8507 | D:7      | Noticed an angel
  8975 | D:3      | Killed Sigmund
  9601 | D:8      | Reached skill level 5 in Fighting
  9736 | D:8      | Found a runed translucent gate.
  9736 | D:8      | Found a runed translucent gate.
  9736 | D:8      | Found a runed translucent gate.
  9737 | D:8      | Noticed caleiya's ghost (novice GrFi)
  9888 | D:8      | Reached XP level 10. HP: 72/81 MP: 12/28
 10116 | D:9      | Slain by a wyvern

Illustrated notes

Levels and vault maps discovered:
D:1:      mainiacjoe_arrival_reflecting_pool, layout_basic, lemuel_old_faithful
D:2:      wad_crossroads, layout_loops_ring
D:3:      layout_rooms, shapermc_ecumenical_altar_mp_urbaneastern,
          kennysheep_generic_room_11, uniq_sigmund
D:4:      layout_loops_ring, nicolae_wu_jian_wuxing_cycle, ashenzari_altar_1
D:5:      layout_gridville, kennysheep_mini
D:6:      layout_loops_ring, kennysheep_dice, uniq_pikel, uniq_blork_the_orc
D:7:      layout_rooms, grunt_temple_overflow_order_and_chaos_1,
          nicolae_ru_great_annihilating_truth, minmay_temple_entry_statues,
          hangedman_abyss_or_decor_jellyfish_corner, serial_bayou_pond_a,
          minmay_strange_pillars, minmay_puff, uniq_harold, uniq_joseph
D:8:      layout_cave_pools, gammafunk_ghost_spectres
D:9:      layout_small_grid, nicolae_overflow_crystal_walls, enter_bailey_6,
          hellmonk_bongcloud_opening, minmay_fractal_squares_5

Skill      XL: |  1  2  3  4  5  6  7  8  9 |
---------------+----------------------------+-----
Spellcasting   | 2 3 4 5 7 8 10 | 10.3
Conjurations   | 3 5 |  5.0
Fire Magic     | 5 |  5.0
Dodging        | 2 |  2.0
Stealth        | 2 |  2.0
Fighting       | 2 5 |  5.0

Action                   |  1- 3 |  4- 6 |  7- 9 | 10-12 || total
-------------------------+-------+-------+-------+-------++-------
Melee: Unarmed           |     3 |       |       |       ||     3
       Dagger            |     7 |     1 |    23 |       ||    31
 Cast: Foxfire           |    65 |    67 |   128 |     7 ||   267
       Scorch            |    14 |    15 |   107 |     3 ||   139
       Flame Wave        |       |       |       |     3 ||     3
  Use: Scroll            |       |     9 |     8 |     2 ||    19
       Potion            |       |       |     2 |       ||     2
Armor: Robe              |     5 |     5 |    18 |       ||    28
       Troll leather arm |       |       |     7 |     9 ||    16
Dodge: Dodged            |    21 |    10 |    71 |    28 ||   130
Block: Other             |       |       |    22 |    15 ||    37
       Reflection        |       |       |     2 |       ||     2

Table legend: (Time is in decaauts)
 A = Elapsed time spent in this place.
 B = Non-inter-level travel time spent in this place.
 C = Inter-level travel time spent in this place.
 D = Time resting spent in this place.
 E = Time spent auto-exploring this place.
 F = Levels seen in this place.
 G = Mean time per level.
                   A        B        C        D        E       F      G
               +--------+--------+--------+--------+--------+-----+--------+
         Total |  10114 |   9626 |    488 |   1510 |   6318 |   9 | 1123.8 |
       Dungeon |  10114 |   9626 |    488 |   1510 |   6318 |   9 | 1123.8 |
               +--------+--------+--------+--------+--------+-----+--------+

Top non-repeatable levels by time:
     D:7: 1701 daAuts
     D:6: 1408 daAuts
     D:5: 1364 daAuts
     D:4: 1289 daAuts
     D:2: 1180 daAuts
     D:1: 1125 daAuts
     D:3: 1091 daAuts
     D:8: 921 daAuts
     D:9: 32 daAuts
